Unix xNetHack Version 7.1.0 - last build Jun 10 2022 16:52:22 (33bbff3b7d1ce07880d5c4b1c5efc7e91935e5b9). Game began 2022-06-24 08:11:33, ended 2022-06-24 08:24:58. elenmirie, neutral female human Tourist -----------########0 ......(.. # -------- .......|# |....<.| ...*..|# .......| .....|# --------- |......| ... ########## |........######.......| . # ######........| |(.....| ######@Z#### |.......| ---.---- ####P# ........| ----+---- . ) . . --- Elenmirie the Sightseer St:15 Dx:14 Co:17 In:10 Wi:11 Ch:14 Neutral Dlvl:5 $:990 HP:0(31) Pw:19(19) AC:6 Xp:4/133 T:2214 Latest messages: In what direction? h The dart hits the little dog. The little dog bites! In what direction? h The dart hits the little dog. The little dog bites! In what direction? h You kill the little dog! a - 4 uncursed +2 darts (at the ready) {4}. You hear the splashing of a naiad. In what direction? h You kill the iguana! a - an uncursed +2 dart (at the ready) {1}. There is an iguana corpse here; eat it? [ynq] (n) y This iguana corpse tastes okay. You finish eating the iguana corpse. O - a scroll labeled READ ME {5}. You descend the stairs. You hit the newt. You gore the newt. The newt bites! You kill the newt! $ - 3 gold pieces {0}. You see here an opal ring. P - an opal ring {3}. You hear a sceptre pounded in judgment. You see here a chest. The chest is empty. $ - 9 gold pieces {0}. You miss the gnome zombie. You gore the gnome zombie. The gnome zombie scratches you! You miss the gnome zombie. You stab the gnome zombie. The gnome zombie misses! You miss the gnome zombie. You jab the gnome zombie. You hit the gnome zombie. The gray ooze bites! Your leather studded armor is not affected by oxidation. You hit the gnome zombie. The gnome zombie scratches you! The gray ooze bites! Your leather studded armor is not affected by oxidation. You die... Do you want your possessions identified? [ynq] (y) y Do you want to see your attributes? [ynq] (y) y Do you want an account of creatures vanquished? [ynaq] (y) y Do you want to see your conduct and achievements? [ynq] (y) y Do you want to see the dungeon overview? [ynq] (y) y Major events: Turn 1: elenmirie the neutral female human Tourist entered the dungeon 455: entered the Gnomish Mines 628: attained the rank of Sightseer (level 3) 2214: killed by a gray ooze Inventory: Inventory: 674/850 weight (35/52 slots) Coins $ - 990 gold pieces {10} Weapons a - 31 uncursed +2 darts (at the ready) {31} v - an uncursed +0 dagger {10} G - an uncursed +0 elven dagger (weapon in hand) {10} q - an uncursed +0 orcish dagger {10} J - an uncursed +0 axe {60} Armor m - an uncursed +0 pair of low boots (being worn) {8} l - an uncursed +0 Hawaiian shirt with a kraken motif (being worn) {4} r - a blessed +0 leather studded armor (being worn) {150} Comestibles h - an uncursed carrot {2} f - an uncursed cream pie {10} d - 6 uncursed food rations {120} c - 3 uncursed lembas wafers {15} t - an uncursed melon {5} p - 2 uncursed pears {4} b - 2 uncursed tripe rations {20} e - an uncursed tin of candied lichen {10} g - 2 uncursed eggs {2} Scrolls C - a blessed scroll of charging {5} H - an uncursed scroll of create monster {5} k - 5 uncursed scrolls of magic mapping {25} O - an uncursed scroll of remove curse {5} F - a cursed scroll of taming {5} D - an uncursed scroll of teleportation {5} Spellbooks A - an uncursed spellbook of haste self {45} Potions B - an uncursed potion of blindness {20} j - an uncursed potion of extra healing {20} E - an uncursed potion of gain energy {20} Rings P - an uncursed +1 ring of increase damage {3} u - an uncursed ring of searching {3} y - an uncursed ring of warning {3} Wands N - a cursed wand of polymorph (0:7) {7} z - an uncursed wand of sleep (0:5) {7} Tools x - an uncursed blindfold {2} o - an uncursed credit card {1} n - an uncursed expensive camera (0:50) {12} Elenmirie the Tourist's attributes: Background: You were a Sightseer, a level 4 female human Tourist. You were neutral, on a mission for The Lady who was opposed by Blind Io (lawful) and Offler (chaotic). You were heterosexual. You were in the Dungeons of Doom, on level 5. You entered the dungeon 2214 turns ago. You had 133 experience points, 27 more were needed to attain level 5. Basics: You had 0 out of 31 hit points. You had all 19 energy points (spell power). Your armor class was 6. Your wallet contained 990 zorkmids. Autopickup was on for '$' plus thrown. Final Characteristics: Your strength was 15 (limit:18/100). Your dexterity was 14 (limit:18). Your constitution was 17 (limit:18). Your intelligence was 10 (limit:18). Your wisdom was 11 (limit:18). Your charisma was 14 (limit:18). Final Status: You were not hungry. You were unencumbered. You were wielding a dagger. You were unskilled in dagger. Final Attributes: You were piously aligned. You were warded. You are dead. Miscellaneous: You never encountered a bones level. Total elapsed playing time was 13 minutes and 24 seconds. Vanquished creatures: a little dog a floating eye a homunculus a werejackal 2 iguanas a coyote 2 hobbits a giant rat a cave spider a yellow mold a gnome a gecko 7 jackals a fox 5 goblins a sewer rat 5 grid bugs a lichen a kobold zombie 5 newts 40 creatures vanquished. No species were genocided or became extinct. Voluntary challenges: You read items or engraved 2 times. You never genocided any monsters. You never polymorphed an object. You never changed form. You never touched an artifact. You used no wishes. You never owned a pet. You never scared an enemy with impunity. You were celibate. You never generated conflict. Achievements: You entered the Gnomish Mines. You attained the rank of Sightseer. The Dungeons of Doom: levels 1 to 5 Level 1: A fountain. Level 2: Stairs down to The Gnomish Mines. Level 3: Level 4: An altar to The Lady, some fountains. Level 5: <- You were here. Final resting place for you, killed by a gray ooze. The Gnomish Mines: Level 3: Game over: __________ / \ / REST \ / IN \ / PEACE \ / \ | elenmirie | | 990 Au | | killed by a gray | | ooze | | | | | | 2022 | *| * * * | * _________)/\\_//(\/(/\)/\//\/|_)_______ Aloha elenmirie the Tourist... You died in The Dungeons of Doom on dungeon level 5 with 796 points, and 990 pieces of gold, after 2214 moves. You were level 4 with a maximum of 31 hit points when you died.